 Dungeon Crawl Stone Soup version 0.26-a0-613-g4f23886233 (webtiles) character file.

Game seed: 391268252952157837

3438 Colgate the Slinger (level 10, -20/59 HPs)
             Began as a Gargoyle Berserker on Sept 11, 2020.
             Was a High Priest of Trog.
             Killed from afar by a fire dragon (25 damage)
             ... with a blast of flame
             ... on level 8 of the Dungeon.
             The game lasted 01:37:06 (7312 turns).

Colgate the Slinger (Gargoyle Berserker)            Turns: 7312, Time: 01:37:06

Health: -20/59     AC: 19    Str: 25    XL:     10   Next: 5%
Magic:  10/10      EV: 11    Int: 10    God:    Trog [*****.]
Gold:   464        SH:  0    Dex:  9    Spells: 9/9 levels left

rFire    . . .     SeeInvis +   a - +3 whip (elec)
rCold    . . .     Faith    .   (no shield)
rNeg     + . .     Spirit   .   u - +0 ring mail (curse)
rPois    ∞         Reflect  .   g - +2 helmet {Int+3}
rElec    +         Harm     .   q - +0 cloak
rCorr    .                      (no gloves)
MR       ++...                  (no boots)
Stlth    ..........             G - amulet of the acrobat
HPRegen  1.19/turn              R - +4 ring of slaying
MPRegen  0.12/turn              V - ring of wizardry

@: regenerating
A: thin metallic scales 1, see invisible, negative energy resistance 1,
electricity resistance, unbreathing, petrification resistance, rot immunity, AC
+7
a: Berserk, Trog's Hand, Brothers in Arms, Renounce Religion


You were on level 8 of the Dungeon.
You worshipped Trog.
Trog was extremely pleased with you.
You visited 1 branch of the dungeon, and saw 8 of its levels.
You also visited: Sewer and Ossuary.

You collected 464 gold pieces.

Inventory:

Hand Weapons
 a - a +3 whip of electrocution (weapon)
 b - a +0 fustibalus
 L - a +0 trident
 M - a +0 morningstar
Missiles
 c - 241 stones
 d - 12 boomerangs
 x - 18 sling bullets
 B - 25 poisoned darts (quivered)
Armour
 e - a +0 ring mail
 g - a +2 helmet of intelligence (worn)
 i - a +0 chain mail
 l - a +1 scale mail of fire resistance
 q - a +0 cloak (worn)
 r - a +0 leather armour
 u - a cursed +0 ring mail (worn)
 w - a +0 animal skin
 F - a +0 buckler
 H - a +0 tower shield
 K - a cursed +0 plate armour
Jewellery
 G - an amulet of the acrobat (around neck)
 R - a +4 ring of slaying (left hand)
 V - a ring of wizardry (right hand)
Wands
 m - a wand of paralysis (6)
 o - a wand of polymorph (11)
 s - a wand of digging (3)
 E - a wand of iceblast (2)
 P - a wand of random effects (17)
Scrolls
 n - 8 scrolls of teleportation
 t - 2 scrolls of fog
 y - 3 scrolls of remove curse
 C - a scroll of magic mapping
 N - 2 scrolls of blinking
 Q - a scroll of enchant weapon
Potions
 f - 7 potions of lignification
 h - 8 potions of stabbing
 j - a potion of ambrosia
 k - 7 potions of heal wounds
 p - 2 potions of invisibility
 v - 2 potions of curing
 z - a potion of berserk rage
 A - a potion of might {unknown}
 D - 7 potions of flight
 I - a potion of degeneration {unknown}
 J - a potion of haste
 S - a potion of resistance
 T - a potion of magic {unknown}


   Skills:
 - Level 5.4 Fighting
 - Level 5.1 Maces & Flails
 + Level 8.7(9.7) Slings
 - Level 6.4(8.5) Throwing
 - Level 3.8 Armour
 - Level 1.5 Dodging
 - Level 3.0 Shields


You had 9 spell levels left.
You didn't know any spells.
Your spell library was empty.

Dungeon Overview and Level Annotations

Branches:
Dungeon (8/15)             Temple (0/1) D:5            Lair (0/6) D:8
  Sewer (visited)         Ossuary (visited)

Altars:
Ashenzari
Makhleb
Sif Muna
Trog
Xom
Zin

Shops:
D:5 [


Innate Abilities, Weirdness & Mutations

You are resistant to torment.
Your stone body is resilient. (AC +7)
You are immune to poison.
You resist negative energy. (rN+)
You are resistant to electric shocks. (rElec)
You can survive without breathing.
You are immune to petrification.
You are immune to rotting.
You are partially covered in thin metallic scales. (AC +2)
You have supernaturally acute eyesight. (SInv)


Message History

* * * LOW HITPOINT WARNING * * *
The fire dragon completely misses you.
You barely miss the fire dragon.
The fire dragon is heavily wounded.
Your hearing returns.
The fire dragon bites you but does no damage.
The fire dragon claws you but does no damage.
The fire dragon tramples you.
* * * LOW HITPOINT WARNING * * *
You hold your ground!
Your skin crawls.
You feel resistant to hostile enchantments.
The fire dragon barely misses you. x2; The fire dragon tramples you.
* * * LOW HITPOINT WARNING * * *
You hold your ground!
Your iron troll goes berserk!
Something barely misses your iron troll.
The fire dragon breathes flames at you. The blast of flame hits you!!
You die...

. #. ####### .. #.....#
.## #.....# .. #.....# .#
#.....####.# #.....##.DT#
## #### ###.####@#.# ..
..# #.####.#..Y ##. #.#
###...##.#..≈§≈
#..##.###.)......#.≈.≈§≈≈
..........##.....#.≈≈.§≈§
#.#...###.##..#.##.≈≈.>≈≈
..........>......#.≈≈≈≈≈≈
#......##.#.#.#..#
###..####.........


You could see a fire dragon (catching breath) and a friendly iron troll
(summoned, berserk).

Vanquished Creatures
  A gargoyle (D:7)
  Sigmund (D:5)
  An eye of draining (D:7)
  2 orc warriors
  A sky beast (D:6)
  3 ogres
  4 centaurs
  2 bullfrogs
  Blork the orc (D:6)
  A water moccasin zombie (Ossuary)
  A scorpion (D:7)
  A howler monkey (D:6)
  3 centaur zombies (Ossuary)
  A bullfrog zombie (Ossuary)
  4 hounds
  A quasit (D:5)
  5 orc priests
  10 orc wizards
  An iguana (D:4)
  Natasha (twice) (D:4)
  6 worker ants
  A merfolk siren (Sewer)
  A merfolk avatar (Sewer)
  2 killer bee zombies (Ossuary)
  A hound zombie (Ossuary)
  10 mummies (Ossuary)
  2 howler monkey zombies (Ossuary)
  2 worker ant zombies (Ossuary)
  8 gnolls
  6 river rats
  16 adders
  A white imp (D:7)
  2 ufetubi
  An adder skeleton (D:4)
  2 adder zombies (Ossuary)
  5 worms (D:4)
  6 leopard geckos
  32 orcs
  2 ball pythons
  6 bats
  9 giant cockroaches
  5 goblins
  6 hobgoblins
  9 jackals
  8 kobolds
  7 frilled lizards
  A giant cockroach zombie (Ossuary)
  3 leopard gecko zombies (Ossuary)
  2 quokka zombies (Ossuary)
  26 rats
234 creatures vanquished.

Vanquished Creatures (others)
  A hobgoblin (D:3)
  A quokka zombie (D:6)
  5 withered plants (Ossuary)
7 creatures vanquished.

Grand Total: 241 creatures vanquished

Notes
Turn   | Place    | Note
-------+----------+-------------------------------------------
     0 | D:1      | Colgate the Gargoyle Berserker began the quest for the Orb.
     0 | D:1      | Reached XP level 1. HP: 14/14 MP: 1/1
   177 | D:1      | Reached XP level 2. HP: 20/20 MP: 2/2
   751 | D:2      | Reached XP level 3. HP: 24/24 MP: 3/3
   820 | D:2      | Reached ** piety under Trog
   827 | D:2      | Reached skill level 1 in Throwing
   827 | D:2      | Reached XP level 4. HP: 28/29 MP: 4/4
   953 | D:2      | Found a shimmering altar of Xom.
   954 | D:2      | Found a burning altar of Makhleb.
   959 | D:2      | Found a shimmering blue altar of Sif Muna.
  1289 | D:2      | Found a glowing silver altar of Zin.
  1798 | D:3      | Reached XP level 5. HP: 33/33 MP: 5/5
  1886 | D:3      | Found a faded altar of an unknown god.
  1913 | D:3      | Noticed an orc warrior
  1932 | D:3      | Killed an orc warrior
  1932 | D:3      | Reached skill level 5 in Fighting
  1933 | D:3      | Reached XP level 6. HP: 9/40 MP: 6/6
  2815 | D:4      | Reached skill level 5 in Maces & Flails
  2816 | D:4      | Reached *** piety under Trog
  2816 | D:4      | Reached skill level 1 in Shields
  3041 | D:4      | Reached XP level 7. HP: 44/44 MP: 7/7
  3049 | D:4      | Found a shattered altar of Ashenzari.
  3158 | D:4      | Found a glowing drain.
  3162 | Sewer    | Entered a sewer
  3400 | Sewer    | Reached **** piety under Trog
  3670 | D:4      | Noticed Natasha
  3676 | D:4      | Killed Natasha
  4084 | D:5      | Entered Level 5 of the Dungeon
  4316 | D:4      | Noticed Natasha
  4320 | D:4      | Killed Natasha
  4320 | D:4      | Reached skill level 5 in Throwing
  4320 | D:4      | Reached XP level 8. HP: 50/50 MP: 8/8
  4789 | D:5      | Found Deafig's Armour Shop.
  4881 | D:5      | Noticed Sigmund
  4887 | D:5      | Killed Sigmund
  4942 | D:5      | Found a staircase to the Ecumenical Temple.
  4959 | D:5      | Reached skill level 1 in Slings
  5030 | D:5      | Reached skill level 2 in Slings
  5286 | D:6      | Reached skill level 3 in Slings
  5373 | D:6      | Noticed Blork the orc
  5383 | D:6      | Killed Blork the orc
  5384 | D:6      | Reached skill level 4 in Slings
  5407 | D:6      | Reached XP level 9. HP: 53/54 MP: 9/9
  5492 | D:6      | Reached ***** piety under Trog
  6009 | D:7      | Found a bloodstained altar of Trog.
  6024 | D:7      | Reached skill level 5 in Slings
  6061 | D:7      | Noticed a gargoyle
  6072 | D:7      | Killed a gargoyle
  6072 | D:7      | Reached skill level 6 in Slings
  6186 | D:7      | Found a sand-covered staircase.
  6195 | Ossuary  | Entered an ossuary
  6348 | Ossuary  | Reached skill level 7 in Slings
  6692 | D:7      | Received a gift from Trog
  6749 | D:7      | Gained mutation: Your mind is acute. (Int +2) [potion of
                  | mutation]
  6749 | D:7      | Gained mutation: You possess an exceptional clarity of
                  | mind. [potion of mutation]
  6750 | D:7      | Lost mutation: You possess an exceptional clarity of mind.
                  | [potion of mutation]
  6750 | D:7      | Lost mutation: Your mind is acute. (Int +2) [potion of
                  | mutation]
  6750 | D:7      | Gained mutation: You are partially covered in thin metallic
                  | scales. (AC +2) [potion of mutation]
  6750 | D:7      | Gained mutation: You have supernaturally acute eyesight.
                  | (SInv) [potion of mutation]
  6898 | D:7      | Reached skill level 8 in Slings
  7113 | D:8      | Reached XP level 10. HP: 59/59 MP: 10/10
  7295 | D:8      | Found a staircase to the Lair.
  7295 | D:8      | Noticed a fire dragon
  7312 | D:8      | Killed from afar by a fire dragon

Illustrated notes

Levels and vault maps discovered:
D:1:      ncdulo_watergridlock, layout_basic
D:2:      layout_loops_ring, chequers_temple_overflow_statue_of_worship,
          zin_treasury, chequers_garden
D:3:      layout_loops_ring, chequers_ecumenical_altar_island,
          minmay_misc_feat_hallway, eino_curves_04, lemuel_flame_loot_1
D:4:      layout_gridville, lightli_sewer_entry_pipes, minmay_misc_feat_tiny,
          minmay_stone_trees_small, cheibrodos_ashenzari_chains, uniq_natasha
D:5:      layout_loops_corners, minmay_temple_entry_purple_smoke, serial_shops,
          shop, uniq_sigmund
D:6:      layout_rooms, lemuel_flamethrower_2, uniq_blork_the_orc
D:7:      layout_rooms, trog_eyes_of_draining, enter_ossuary_3
D:8:      layout_loops_cross, minmay_lair_entry_lava

Skill      XL: |  1  2  3  4  5  6  7  8  9 |
---------------+----------------------------+-----
Fighting       | 4 5 |  5.4
Maces & Flails | 4 5 |  5.1
Throwing       | 1 2 5 6 |  6.4
Shields        | 2 3 |  3.0
Slings         | 4 8 |  8.7
Armour         | 3 |  3.8
Dodging        | |  1.5

Action                   |  1- 3 |  4- 6 |  7- 9 | 10-12 || total
-------------------------+-------+-------+-------+-------++-------
Melee: Mace              |    73 |    11 |       |       ||    84
       Quarterstaff      |       |    15 |       |       ||    15
       Whip              |       |    77 |   334 |    24 ||   435
       Trident           |       |     2 |    18 |       ||    20
       Flail             |       |       |     1 |       ||     1
 Fire: Hunting sling     |       |       |    43 |       ||    43
       Fustibalus        |       |       |    85 |       ||    85
Throw: Stone             |    25 |    47 |       |       ||    72
       Dart              |       |    12 |    55 |       ||    67
       Boomerang         |       |     2 |    45 |       ||    47
Invok: Berserk           |     9 |     8 |    17 |       ||    34
       Trog's Hand       |     1 |       |       |     1 ||     2
       Brothers in Arms  |       |       |       |     1 ||     1
Evoke: Wand              |       |       |     1 |     4 ||     5
  Use: Scroll            |       |     7 |    13 |     3 ||    23
       Potion            |       |       |     2 |       ||     2
 Stab: Sleeping          |     1 |       |       |       ||     1
Armor: Ring mail         |    28 |    24 |   111 |    10 ||   173
       Chain mail        |    24 |    15 |       |       ||    39
Dodge: Dodged            |    41 |    19 |   118 |    28 ||   206
Block: Tower shield      |       |    33 |    88 |       ||   121
       Buckler           |       |       |    14 |       ||    14

Table legend: (Time is in decaauts)
 A = Elapsed time spent in this place.
 B = Non-inter-level travel time spent in this place.
 C = Inter-level travel time spent in this place.
 D = Time resting spent in this place.
 E = Time spent auto-exploring this place.
 F = Levels seen in this place.
 G = Mean time per level.
                   A        B        C        D        E       F      G
               +--------+--------+--------+--------+--------+-----+--------+
         Total |   7716 |   7262 |    454 |     52 |   4770 |  10 |  771.6 |
       Dungeon |   6753 |   6299 |    454 |     27 |   4295 |   8 |  844.1 |
         Sewer |    504 |    504 |      0 |      0 |    232 |   1 |  504.0 |
       Ossuary |    458 |    458 |      0 |     25 |    243 |   1 |  458.0 |
               +--------+--------+--------+--------+--------+-----+--------+

Top non-repeatable levels by time:
     D:3: 1360 daAuts
     D:4: 1296 daAuts
     D:5: 917 daAuts
     D:2: 816 daAuts
     D:6: 759 daAuts
     D:1: 745 daAuts
     D:7: 599 daAuts
   Sewer: 504 daAuts
 Ossuary: 458 daAuts
     D:8: 257 daAuts
